AoeStats
← 吸любящий怔отец熏

African Clearing

510531817Analyzed
4v4 RM · 10h ago on Oct 1, 2026· 43m 22s· 8 players
Game mode
Random Map
Map size
Large (8 player)
Population
200
Speed
Normal
Resources
Standard
Victory
Conquest
Starting age
Dark Age
Ending age
Imperial Age
RankedLock teamsTeams togetherTeam positionsShared explorationLock speedFull tech treeHidden civsTurbo modeCheats
Victory
Defeat
🇮🇳 Malay · India
1047
+15
🇮🇩 Shu · Indonesia
1045
+15
🇷🇺 Burgundians · Russia
1035
+41
🇪🇸 Spanish · Spain
988
+17
🇨🇳 Persians · China
1168
-21
🇨🇳 Persians · China
1041
-17
🇨🇳 Vietnamese · China
962
-13
914
-11
Death_noob5
11:13 Loom
37:09 Feudal Age
蒸馍
29:56 Feudal Age
31:43 Double-Bit Axe
35:40 Castle Age
吸любящий怔отец熏
10:47 Loom
長崎 そよ
13:00 Loom
33:47 Feudal Age
35:15 Fletching
37:33 Town Watch
Master of Ludus
7:23 Loom
30:55 Feudal Age
33:11 Fletching
36:19 Horse Collar
38:47 Castle Age
38:22 Wheelbarrow
37:33 Town Watch
37:54 Stone Mining
41:23 Hand Cart
Axie
12:08 Loom
14:20 Feudal Age
26:19 Man-at-Arms
40:05 Double-Bit Axe
40:24 Horse Collar
Valstrax
4:56 Loom
16:29 Feudal Age
dimoncho
15:57 Double-Bit Axe
22:47 Feudal Age
23:12 Man-at-Arms
27:26 Loom
32:02 Castle Age
34:02 Fletching
36:21 Bodkin Arrow
36:53 Long Swordsman
Connection lost

Rejoining the realm…

Still unreachable

The connection could not be restored.

Session expired

The server has moved on; the page needs a fresh start.